Wild vs Canucks

Created - December 9 2007 at 12:05

Goals
1 2 3 T
Wild 1 0 2 3
Canucks 0 0 0 0
Shots
1 2 3 T
Wild 13 7 14 34
Canucks 9 5 2 16

Period #1

1. Wild , Brian Rolston 11 (Joe Sakic, Mathieu Schneider) at 12:29

Penalties :
Rod Brind'Amour (MIN) for Roughing (Minor) at 4:03, Chris Simon (MIN) for Hooking (Minor) at 6:45, Rod Brind'Amour (MIN) for Hooking (Minor) at 7:00, Ron Hainsey (VAN) for High sticking (Minor) at 9:03, Brian Rolston (MIN) for Holding Stick (Minor) at 19:08

Period #2

No Goal

Penalties :
Dustin Brown (VAN) for Slashing (Minor) at 2:53, Radek Bonk (VAN) for Roughing (Minor) at 7:37, Mike Commodore (VAN) for Fighting (Major) at 10:12, Chris Simon (MIN) for Fighting (Major) at 10:12, Alexei Kovalev (VAN) for Hooking (Minor) at 10:19, Brad Richardson (VAN) for Tripping (Minor) at 16:38

Period #3

2. Wild , Marian Gaborik 15 (Olli Jokinen, Chris Higgins) at 7:39
3. Wild , Olli Jokinen 18 (Duncan Keith, Rod Brind'Amour) at 8:01

Penalties :
Anders Eriksson (VAN) for Interference (Minor) at 0:05, Dustin Brown (VAN) for High sticking (Minor) at 8:31

Goalie Stats

Manny Legace (MIN), 16 saves from 16 shots - (1.000), W, 21-11-1, 60:00 minutes
Evgeni Nabokov (VAN), 31 saves from 34 shots - (0.912), L, 16-19-1, 60:00 minutes

Players Stats

Wild
Player Name              G  A  P  +/- PIM S  H  SB FO MP 
-----------------------------------------------------------
Brian Rolston            1  0  1   1  2   6  4  0  2  23 
Chris Higgins            0  1  1   2  0   3  1  0  1  22 
Chris Simon              0  0  0   1  7   0  1  1  1  22 
Duncan Keith             0  1  1   2  0   0  0  0  0  16 
Filip Kuba               0  0  0   0  0   1  0  0  0  11 
Joe Sakic                0  1  1   1  0   3  2  0  23 22 
Keith Carney             0  0  0   0  0   0  0  0  0  3  
Kim Johnsson             0  0  0   0  0   0  0  3  0  16 
Marian Gaborik           1  0  1   1  0   2  0  1  6  22 
Martin Straka            0  0  0   0  0   0  1  2  1  11 
Mathieu Schneider        0  1  1   1  0   1  1  1  0  19 
Michal Rozsival          0  0  0   0  0   6  0  3  0  22 
Mikael Samuelsson        0  0  0   1  0   2  3  0  0  16 
Niclas Havelid           0  0  0   0  0   1  0  3  0  16 
Olli Jokinen             1  1  2   2  0   1  0  0  27 23 
Rod Brind'Amour          0  1  1   1  4   7  2  2  18 18 
Sean Hill                0  0  0   1  0   1  4  2  0  24 
Wes Walz                 0  0  0   1  0   0  0  0  0  3  
Canucks
Player Name              G  A  P  +/- PIM S  H  SB FO MP 
-----------------------------------------------------------
Alexei Kovalev           0  0  0   0  2   0  4  0  1  18 
Anders Eriksson          0  0  0  -1  2   0  1  0  0  17 
Andrei Markov            0  0  0  -1  0   1  0  2  0  23 
Brad Richardson          0  0  0   0  2   1  1  0  3  12 
Dustin Brown             0  0  0  -1  4   0  3  0  4  22 
Ed Jovanovski            0  0  0  -1  0   2  1  0  0  15 
Lukas Krajicek           0  0  0   0  0   0  0  1  0  14 
Matt Cullen              0  0  0  -3  0   2  0  0  17 20 
Maxim Lapierre           0  0  0  -1  0   0  1  0  1  11 
Maxime Talbot            0  0  0  -1  0   0  2  0  0  19 
Mike Commodore           0  0  0  -1  5   1  2  2  0  18 
Radek Bonk               0  0  0  -1  2   0  1  1  19 14 
Radim Vrbata             0  0  0  -2  0   0  1  0  1  17 
Robert Lang              0  0  0   0  0   3  1  0  14 15 
Ron Hainsey              0  0  0  -1  2   0  2  0  0  20 
Ryan Malone              0  0  0  -1  0   2  1  1  0  15 
Sergei Fedorov           0  0  0   0  0   3  1  0  0  19 
Steven Reinprecht        0  0  0   0  0   1  1  0  19 16 

3 Stars

1 - Manny Legace (MIN)
2 - Olli Jokinen (MIN)
3 - Brian Rolston (MIN)

Power Play

Wild - 0 on 7 Attempt(s) - 0.00%
Canucks - 0 on 4 Attempt(s) - 0.00%

Penalty Kill

Wild - 4 on 4 Attempt(s) - 100.00% - Score 0 goal in Penalty Kill
Canucks - 7 on 7 Attempt(s) - 100.00% - Score 0 goal in Penalty Kill

Game Notes

Mike Commodore beats up Chris Simon at 10:12 of 2nd period

Finance

Level 1 -- Attendance: 5586 (85.93%) -- Ticket Income $446,880.00
Level 2 -- Attendance: 3442 (62.58%) -- Ticket Income $223,730.00
Level 3 -- Attendance: 1095 (51.08%) -- Ticket Income $54,750.00
Level 4 -- Attendance: 2205 (55.12%) -- Ticket Income $55,125.00
Luxury Box -- Attendance: 524 (52.36%) -- Ticket Income $131,000.00
Game was played at the General Motors Place
Total Attendance: 12852 (67.14%)
Total Ticket Income: $985,865.60
Other Income: $140,870.40
Total Income: $1,126,736.00


Play by Play

Period #1

0:01 of 1st period - Joe Sakic wins face-off versus Robert Lang in neutral zone.
0:20 of 1st period - Shot by Joe Sakic.
0:20 of 1st period - Stopped by Evgeni Nabokov without a rebound.
0:21 of 1st period - Marian Gaborik wins face-off versus Steven Reinprecht in Canucks zone.
2:10 of 1st period - Sean Hill is hit by Alexei Kovalev and loses puck.
2:18 of 1st period - Icing by Sean Hill.
2:19 of 1st period - Matt Cullen wins face-off versus Joe Sakic in Wild zone.
2:26 of 1st period - Shot by Matt Cullen.
2:26 of 1st period - Shot Blocked by Mathieu Schneider.
2:46 of 1st period - Shot by Rod Brind'Amour.
2:46 of 1st period - Stopped by Evgeni Nabokov without a rebound.
2:47 of 1st period - Rod Brind'Amour wins face-off versus Steven Reinprecht in Canucks zone.
2:59 of 1st period - Off-side.
3:00 of 1st period - Olli Jokinen wins face-off versus Radek Bonk in neutral zone.
4:00 of 1st period - Shot by Mikael Samuelsson.
4:00 of 1st period - Stopped by Evgeni Nabokov with a rebound.
4:03 of 1st period - Minor Penalty to Rod Brind'Amour for Roughing.
4:04 of 1st period - Robert Lang wins face-off versus Joe Sakic in Canucks zone.
4:30 of 1st period - Icing by Robert Lang.
4:31 of 1st period - Olli Jokinen wins face-off versus Robert Lang in Canucks zone.
4:31 of 1st period - Michal Rozsival is hit by Robert Lang and loses puck.
4:44 of 1st period - Shot by Robert Lang.
4:44 of 1st period - Stopped by Manny Legace without a rebound.
4:45 of 1st period - Joe Sakic wins face-off versus Steven Reinprecht in Wild zone.
5:46 of 1st period - Shot by Ed Jovanovski.
5:46 of 1st period - Stopped by Manny Legace without a rebound.
5:47 of 1st period - Steven Reinprecht wins face-off versus Brian Rolston in Wild zone.
5:50 of 1st period - Shot by Radim Vrbata.
5:50 of 1st period - Deflect By Steven Reinprecht.
5:50 of 1st period - Shot Misses the Net.
5:54 of 1st period - Shot by Mike Commodore.
5:54 of 1st period - Stopped by Manny Legace without a rebound.
5:55 of 1st period - Marian Gaborik wins face-off versus Robert Lang in Wild zone.
6:03 of 1st period - Ed Jovanovski is hit by Chris Simon and loses puck.
6:07 of 1st period - Matt Cullen is hit by Rod Brind'Amour and loses puck.
6:45 of 1st period - Minor Penalty to Chris Simon for Hooking.
6:46 of 1st period - Steven Reinprecht wins face-off versus Rod Brind'Amour in neutral zone.
6:48 of 1st period - Andrei Markov is hit by Sean Hill and loses puck.
6:53 of 1st period - Shot by Sergei Fedorov.
6:53 of 1st period - Stopped by Manny Legace without a rebound.
6:54 of 1st period - Olli Jokinen wins face-off versus Steven Reinprecht in Wild zone.
7:00 of 1st period - Minor Penalty to Rod Brind'Amour for Hooking.
7:01 of 1st period - Olli Jokinen wins face-off versus Robert Lang in Canucks zone.
7:12 of 1st period - Michal Rozsival is hit by Sergei Fedorov and loses puck.
7:31 of 1st period - Shot by Sergei Fedorov.
7:31 of 1st period - Shot Misses the Net.
7:35 of 1st period - Shot by Ed Jovanovski.
7:35 of 1st period - Stopped by Manny Legace without a rebound.
7:36 of 1st period - Steven Reinprecht wins face-off versus Marian Gaborik in Wild zone.
7:47 of 1st period - Shot by Sergei Fedorov.
7:47 of 1st period - Stopped by Manny Legace without a rebound.
7:48 of 1st period - Olli Jokinen wins face-off versus Steven Reinprecht in Wild zone.
8:02 of 1st period - Icing by Andrei Markov.
8:03 of 1st period - Steven Reinprecht wins face-off versus Marian Gaborik in Canucks zone.
8:50 of 1st period - Shot by Ed Jovanovski.
8:50 of 1st period - Deflect By Ryan Malone.
8:50 of 1st period - Stopped by Manny Legace without a rebound.
8:51 of 1st period - Marian Gaborik wins face-off versus Robert Lang in Wild zone.
9:02 of 1st period - Shot by Rod Brind'Amour.
9:02 of 1st period - Stopped by Evgeni Nabokov with a rebound.
9:03 of 1st period - Minor Penalty to Ron Hainsey for High sticking.
9:04 of 1st period - Joe Sakic wins face-off versus Radek Bonk in Canucks zone.
9:04 of 1st period - Brian Rolston is hit by Mike Commodore and loses puck.
9:07 of 1st period - Shot by Chris Higgins.
9:07 of 1st period - Shot Misses the Net.
9:09 of 1st period - Shot by Chris Higgins.
9:09 of 1st period - Stopped by Evgeni Nabokov with a rebound.
9:11 of 1st period - Shot by Brian Rolston.
9:11 of 1st period - Shot Blocked by Mike Commodore.
9:13 of 1st period - Shot by Sean Hill.
9:13 of 1st period - Shot Blocked by Radek Bonk.
9:25 of 1st period - Shot by Brian Rolston.
9:25 of 1st period - Stopped by Evgeni Nabokov without a rebound.
9:26 of 1st period - Matt Cullen wins face-off versus Olli Jokinen in Canucks zone.
9:57 of 1st period - Shot by Michal Rozsival.
9:57 of 1st period - Shot Misses the Net.
9:59 of 1st period - Shot by Michal Rozsival.
9:59 of 1st period - Stopped by Evgeni Nabokov without a rebound.
10:00 of 1st period - Joe Sakic wins face-off versus Matt Cullen in Canucks zone.
10:08 of 1st period - Shot by Brian Rolston.
10:08 of 1st period - Shot Misses the Net.
10:10 of 1st period - Shot by Brian Rolston.
10:10 of 1st period - Stopped by Evgeni Nabokov without a rebound.
10:11 of 1st period - Matt Cullen wins face-off versus Joe Sakic in Canucks zone.
10:20 of 1st period - Shot by Filip Kuba.
10:20 of 1st period - Stopped by Evgeni Nabokov without a rebound.
10:21 of 1st period - Joe Sakic wins face-off versus Matt Cullen in Canucks zone.
10:33 of 1st period - Shot by Sean Hill.
10:33 of 1st period - Shot Misses the Net.
10:35 of 1st period - Shot by Chris Higgins.
10:35 of 1st period - Stopped by Evgeni Nabokov with a rebound.
10:37 of 1st period - Shot by Sean Hill.
10:37 of 1st period - Stopped by Evgeni Nabokov without a rebound.
10:38 of 1st period - Radek Bonk wins face-off versus Olli Jokinen in Canucks zone.
10:55 of 1st period - Shot by Mathieu Schneider.
10:55 of 1st period - Shot Misses the Net.
11:15 of 1st period - Shot by Alexei Kovalev.
11:15 of 1st period - Deflect By Robert Lang.
11:15 of 1st period - Stopped by Manny Legace with a rebound.
11:17 of 1st period - Shot by Ryan Malone.
11:17 of 1st period - Shot Blocked by Rod Brind'Amour.
11:19 of 1st period - Shot by Ryan Malone.
11:19 of 1st period - Stopped by Manny Legace without a rebound.
11:20 of 1st period - Steven Reinprecht wins face-off versus Chris Higgins in Wild zone.
11:36 of 1st period - Shot by Marian Gaborik.
11:36 of 1st period - Shot Misses the Net.
11:46 of 1st period - Shot by Dustin Brown.
11:46 of 1st period - Shot Blocked by Michal Rozsival.
11:50 of 1st period - Shot by Steven Reinprecht.
11:50 of 1st period - Shot Blocked by Marian Gaborik.
12:00 of 1st period - Shot by Sergei Fedorov.
12:00 of 1st period - Shot Misses the Net.
12:02 of 1st period - Shot by Mike Commodore.
12:02 of 1st period - Shot Blocked by Michal Rozsival.
12:29 of 1st period - Shot by Brian Rolston.
12:29 of 1st period - Goal by Brian Rolston - Wild : 1 - Canucks : 0.
12:30 of 1st period - Robert Lang wins face-off versus Rod Brind'Amour in neutral zone.
12:35 of 1st period - Kim Johnsson is hit by Ryan Malone and loses puck.
13:38 of 1st period - Ron Hainsey is hit by Brian Rolston and loses puck.
14:18 of 1st period - Off-side.
14:19 of 1st period - Olli Jokinen wins face-off versus Steven Reinprecht in neutral zone.
14:22 of 1st period - Shot by Marian Gaborik.
14:22 of 1st period - Stopped by Evgeni Nabokov without a rebound.
14:23 of 1st period - Olli Jokinen wins face-off versus Steven Reinprecht in Canucks zone.
14:26 of 1st period - Shot by Michal Rozsival.
14:26 of 1st period - Shot Misses the Net.
14:28 of 1st period - Shot by Duncan Keith.
14:28 of 1st period - Shot Misses the Net.
14:37 of 1st period - Icing by Mike Commodore.
14:38 of 1st period - Steven Reinprecht wins face-off versus Rod Brind'Amour in Canucks zone.
15:07 of 1st period - Shot by Dustin Brown.
15:07 of 1st period - Shot Blocked by Rod Brind'Amour.
15:18 of 1st period - Kim Johnsson is hit by Dustin Brown and loses puck.
15:58 of 1st period - Marian Gaborik is hit by Dustin Brown and loses puck.
17:20 of 1st period - Icing by Chris Simon.
17:21 of 1st period - Matt Cullen wins face-off versus Rod Brind'Amour in Wild zone.
17:27 of 1st period - Icing by Kim Johnsson.
17:28 of 1st period - Matt Cullen wins face-off versus Rod Brind'Amour in Wild zone.
18:24 of 1st period - Icing by Maxime Talbot.
18:25 of 1st period - Joe Sakic wins face-off versus Matt Cullen in Canucks zone.
18:25 of 1st period - Mathieu Schneider is hit by Maxime Talbot.
18:32 of 1st period - Ron Hainsey is hit by Sean Hill and loses puck.
19:00 of 1st period - Ed Jovanovski is hit by Sean Hill and loses puck.
19:08 of 1st period - Minor Penalty to Brian Rolston for Holding Stick.
19:09 of 1st period - Steven Reinprecht wins face-off versus Olli Jokinen in neutral zone.

Period #2

0:01 of 2nd period - Steven Reinprecht wins face-off versus Olli Jokinen in neutral zone.
0:10 of 2nd period - Shot by Sergei Fedorov.
0:10 of 2nd period - Stopped by Manny Legace with a rebound.
0:20 of 2nd period - Shot by Sergei Fedorov.
0:20 of 2nd period - Shot Misses the Net.
0:42 of 2nd period - Shot by Andrei Markov.
0:42 of 2nd period - Stopped by Manny Legace without a rebound.
0:43 of 2nd period - Robert Lang wins face-off versus Olli Jokinen in Wild zone.
0:45 of 2nd period - Alexei Kovalev is hit by Mathieu Schneider and loses puck.
1:14 of 2nd period - Rod Brind'Amour is hit by Maxim Lapierre and loses puck.
1:33 of 2nd period - Shot by Rod Brind'Amour.
1:33 of 2nd period - Stopped by Evgeni Nabokov without a rebound.
1:34 of 2nd period - Radek Bonk wins face-off versus Olli Jokinen in Canucks zone.
2:03 of 2nd period - Shot by Brad Richardson.
2:03 of 2nd period - Stopped by Manny Legace with a rebound.
2:05 of 2nd period - Shot by Radek Bonk.
2:05 of 2nd period - Shot Blocked by Michal Rozsival.
2:48 of 2nd period - Shot by Joe Sakic.
2:48 of 2nd period - Stopped by Evgeni Nabokov without a rebound.
2:49 of 2nd period - Rod Brind'Amour wins face-off versus Steven Reinprecht in Canucks zone.
2:53 of 2nd period - Minor Penalty to Dustin Brown for Slashing.
2:54 of 2nd period - Radek Bonk wins face-off versus Joe Sakic in Canucks zone.
2:54 of 2nd period - Radek Bonk is hit by Brian Rolston.
3:56 of 2nd period - Shot by Michal Rozsival.
3:56 of 2nd period - Stopped by Evgeni Nabokov without a rebound.
3:57 of 2nd period - Brad Richardson wins face-off versus Joe Sakic in Canucks zone.
3:57 of 2nd period - Brad Richardson is hit by Martin Straka.
4:27 of 2nd period - Brian Rolston is hit by Brad Richardson.
5:27 of 2nd period - Mikael Samuelsson is hit by Alexei Kovalev and loses puck.
5:49 of 2nd period - Marian Gaborik is hit by Alexei Kovalev.
5:56 of 2nd period - Olli Jokinen is hit by Ed Jovanovski and loses puck.
7:00 of 2nd period - Shot by Steven Reinprecht.
7:00 of 2nd period - Stopped by Manny Legace without a rebound.
7:01 of 2nd period - Matt Cullen wins face-off versus Rod Brind'Amour in Wild zone.
7:14 of 2nd period - Shot by Maxime Talbot.
7:14 of 2nd period - Shot Blocked by Kim Johnsson.
7:16 of 2nd period - Shot by Ron Hainsey.
7:16 of 2nd period - Shot Misses the Net.
7:18 of 2nd period - Shot by Matt Cullen.
7:18 of 2nd period - Shot Misses the Net.
7:22 of 2nd period - Shot by Matt Cullen.
7:22 of 2nd period - Stopped by Manny Legace without a rebound.
7:23 of 2nd period - Radek Bonk wins face-off versus Joe Sakic in Wild zone.
7:23 of 2nd period - Sergei Fedorov is hit by Joe Sakic and loses puck.
7:25 of 2nd period - Sergei Fedorov is hit by Sean Hill.
7:37 of 2nd period - Shot by Brian Rolston.
7:37 of 2nd period - Stopped by Evgeni Nabokov without a rebound.
7:37 of 2nd period - Minor Penalty to Radek Bonk for Roughing.
7:38 of 2nd period - Matt Cullen wins face-off versus Brian Rolston in Canucks zone.
7:38 of 2nd period - Matt Cullen is hit by Joe Sakic.
7:45 of 2nd period - Icing by Sean Hill.
7:46 of 2nd period - Dustin Brown wins face-off versus Joe Sakic in Wild zone.
7:56 of 2nd period - Icing by Martin Straka.
7:57 of 2nd period - Martin Straka wins face-off versus Matt Cullen in Wild zone.
7:57 of 2nd period - Martin Straka is hit by Anders Eriksson.
9:24 of 2nd period - Off-side.
9:25 of 2nd period - Matt Cullen wins face-off versus Olli Jokinen in neutral zone.
9:25 of 2nd period - Matt Cullen is hit by Brian Rolston.
9:36 of 2nd period - Icing by Filip Kuba.
9:37 of 2nd period - Steven Reinprecht wins face-off versus Rod Brind'Amour in Wild zone.
10:12 of 2nd period - Mike Commodore beats up Chris Simon.
10:12 of 2nd period - Penalty to Mike Commodore for Fighting.
10:12 of 2nd period - Penalty to Chris Simon for Fighting.
10:13 of 2nd period - Robert Lang wins face-off versus Olli Jokinen in Wild zone.
10:19 of 2nd period - Minor Penalty to Alexei Kovalev for Hooking.
10:20 of 2nd period - Joe Sakic wins face-off versus Matt Cullen in Wild zone.
10:37 of 2nd period - Shot by Chris Higgins.
10:37 of 2nd period - Stopped by Evgeni Nabokov without a rebound.
10:38 of 2nd period - Olli Jokinen wins face-off versus Radek Bonk in Canucks zone.
10:39 of 2nd period - Shot by Marian Gaborik.
10:39 of 2nd period - Shot Blocked by Andrei Markov.
10:41 of 2nd period - Shot by Michal Rozsival.
10:41 of 2nd period - Stopped by Evgeni Nabokov without a rebound.
10:42 of 2nd period - Radek Bonk wins face-off versus Joe Sakic in Canucks zone.
12:01 of 2nd period - Andrei Markov is hit by Brian Rolston and loses puck.
12:42 of 2nd period - Shot by Dustin Brown.
12:42 of 2nd period - Shot Misses the Net.
12:55 of 2nd period - Icing by Ed Jovanovski.
12:56 of 2nd period - Olli Jokinen wins face-off versus Steven Reinprecht in Canucks zone.
12:58 of 2nd period - Brian Rolston is hit by Radim Vrbata and loses puck.
13:12 of 2nd period - Olli Jokinen is hit by Steven Reinprecht and loses puck.
13:35 of 2nd period - Shot by Martin Straka.
13:35 of 2nd period - Shot Misses the Net.
14:31 of 2nd period - Icing by Michal Rozsival.
14:32 of 2nd period - Radek Bonk wins face-off versus Olli Jokinen in Wild zone.
14:56 of 2nd period - Off-side.
14:57 of 2nd period - Joe Sakic wins face-off versus Robert Lang in neutral zone.
15:07 of 2nd period - Icing by Andrei Markov.
15:08 of 2nd period - Robert Lang wins face-off versus Joe Sakic in Canucks zone.
15:37 of 2nd period - Shot by Brian Rolston.
15:37 of 2nd period - Shot Blocked by Ryan Malone.
16:21 of 2nd period - Shot by Sergei Fedorov.
16:21 of 2nd period - Shot Blocked by Kim Johnsson.
16:23 of 2nd period - Shot by Anders Eriksson.
16:23 of 2nd period - Shot Misses the Net.
16:25 of 2nd period - Shot by Sergei Fedorov.
16:25 of 2nd period - Shot Blocked by Niclas Havelid.
16:38 of 2nd period - Minor Penalty to Brad Richardson for Tripping.
16:39 of 2nd period - Radek Bonk wins face-off versus Olli Jokinen in Wild zone.
17:40 of 2nd period - Shot by Joe Sakic.
17:40 of 2nd period - Deflect By Brian Rolston.
17:40 of 2nd period - Shot Misses the Net.
17:42 of 2nd period - Shot by Brian Rolston.
17:42 of 2nd period - Shot Misses the Net.
18:15 of 2nd period - Marian Gaborik is hit by Ron Hainsey and loses puck.
18:28 of 2nd period - Shot by Joe Sakic.
18:28 of 2nd period - Shot Misses the Net.
18:48 of 2nd period - Shot by Brian Rolston.
18:48 of 2nd period - Stopped by Evgeni Nabokov without a rebound.
18:49 of 2nd period - Rod Brind'Amour wins face-off versus Radek Bonk in Canucks zone.
19:10 of 2nd period - Shot by Dustin Brown.
19:10 of 2nd period - Deflect By Radek Bonk.
19:10 of 2nd period - Shot Hit the Post.
19:17 of 2nd period - Dustin Brown is hit by Mikael Samuelsson and loses puck.
19:55 of 2nd period - Shot by Alexei Kovalev.
19:55 of 2nd period - Shot Blocked by Niclas Havelid.

Period #3

0:01 of 3rd period - Rod Brind'Amour wins face-off versus Matt Cullen in neutral zone.
0:05 of 3rd period - Minor Penalty to Anders Eriksson for Interference.
0:06 of 3rd period - Radek Bonk wins face-off versus Joe Sakic in Canucks zone.
0:33 of 3rd period - Shot by Joe Sakic.
0:33 of 3rd period - Deflect By Brian Rolston.
0:33 of 3rd period - Stopped by Evgeni Nabokov without a rebound.
0:34 of 3rd period - Olli Jokinen wins face-off versus Matt Cullen in Canucks zone.
1:14 of 3rd period - Shot by Mathieu Schneider.
1:14 of 3rd period - Stopped by Evgeni Nabokov without a rebound.
1:15 of 3rd period - Radek Bonk wins face-off versus Joe Sakic in Canucks zone.
1:15 of 3rd period - Mike Commodore is hit by Chris Higgins and loses puck.
2:09 of 3rd period - Off-side.
2:10 of 3rd period - Chris Simon wins face-off versus Radim Vrbata in neutral zone.
3:16 of 3rd period - Joe Sakic is hit by Alexei Kovalev and loses puck.
3:43 of 3rd period - Shot by Alexei Kovalev.
3:43 of 3rd period - Shot Misses the Net.
3:45 of 3rd period - Shot by Matt Cullen.
3:45 of 3rd period - Shot Misses the Net.
4:38 of 3rd period - Icing by Sean Hill.
4:39 of 3rd period - Dustin Brown wins face-off versus Joe Sakic in Wild zone.
4:44 of 3rd period - Shot by Ryan Malone.
4:44 of 3rd period - Shot Blocked by Chris Simon.
5:06 of 3rd period - Icing by Sergei Fedorov.
5:07 of 3rd period - Olli Jokinen wins face-off versus Dustin Brown in Canucks zone.
5:40 of 3rd period - Icing by Maxime Talbot.
5:41 of 3rd period - Radek Bonk wins face-off versus Olli Jokinen in Canucks zone.
5:58 of 3rd period - Shot by Andrei Markov.
5:58 of 3rd period - Shot Misses the Net.
6:04 of 3rd period - Shot by Radim Vrbata.
6:04 of 3rd period - Shot Blocked by Martin Straka.
6:16 of 3rd period - Shot by Robert Lang.
6:16 of 3rd period - Shot Blocked by Martin Straka.
6:18 of 3rd period - Shot by Robert Lang.
6:18 of 3rd period - Stopped by Manny Legace without a rebound.
6:19 of 3rd period - Robert Lang wins face-off versus Rod Brind'Amour in Wild zone.
6:37 of 3rd period - Icing by Michal Rozsival.
6:38 of 3rd period - Rod Brind'Amour wins face-off versus Robert Lang in Wild zone.
7:05 of 3rd period - Shot by Robert Lang.
7:05 of 3rd period - Deflect By Ryan Malone.
7:05 of 3rd period - Shot Misses the Net.
7:35 of 3rd period - Shot by Marian Gaborik.
7:35 of 3rd period - Shot Misses the Net.
7:39 of 3rd period - Shot by Marian Gaborik.
7:39 of 3rd period - Goal by Marian Gaborik - Wild : 2 - Canucks : 0.
7:40 of 3rd period - Olli Jokinen wins face-off versus Dustin Brown in neutral zone.
7:45 of 3rd period - Shot by Rod Brind'Amour.
7:45 of 3rd period - Stopped by Evgeni Nabokov without a rebound.
7:46 of 3rd period - Olli Jokinen wins face-off versus Matt Cullen in Canucks zone.
7:57 of 3rd period - Shot by Olli Jokinen.
7:57 of 3rd period - Shot Blocked by Mike Commodore.
8:01 of 3rd period - Shot by Olli Jokinen.
8:01 of 3rd period - Goal by Olli Jokinen - Wild : 3 - Canucks : 0.
8:02 of 3rd period - Marian Gaborik wins face-off versus Steven Reinprecht in neutral zone.
8:14 of 3rd period - Shot by Mikael Samuelsson.
8:14 of 3rd period - Stopped by Evgeni Nabokov with a rebound.
8:19 of 3rd period - Marian Gaborik is hit by Dustin Brown and loses puck.
8:31 of 3rd period - Minor Penalty to Dustin Brown for High sticking.
8:32 of 3rd period - Olli Jokinen wins face-off versus Brad Richardson in Wild zone.
8:55 of 3rd period - Shot by Michal Rozsival.
8:55 of 3rd period - Stopped by Evgeni Nabokov with a rebound.
8:57 of 3rd period - Shot by Michal Rozsival.
8:57 of 3rd period - Stopped by Evgeni Nabokov with a rebound.
9:01 of 3rd period - Shot by Michal Rozsival.
9:01 of 3rd period - Stopped by Evgeni Nabokov without a rebound.
9:02 of 3rd period - Rod Brind'Amour wins face-off versus Radek Bonk in Canucks zone.
9:15 of 3rd period - Shot by Rod Brind'Amour.
9:15 of 3rd period - Stopped by Evgeni Nabokov without a rebound.
9:16 of 3rd period - Radek Bonk wins face-off versus Joe Sakic in Canucks zone.
9:16 of 3rd period - Maxime Talbot is hit by Mikael Samuelsson and loses puck.
9:34 of 3rd period - Joe Sakic is hit by Maxime Talbot and loses puck.
11:58 of 3rd period - Shot by Dustin Brown.
11:58 of 3rd period - Shot Blocked by Niclas Havelid.
12:53 of 3rd period - Chris Higgins is hit by Mike Commodore and loses puck.
13:21 of 3rd period - Marian Gaborik is hit by Ron Hainsey and loses puck.
13:46 of 3rd period - Shot by Maxime Talbot.
13:46 of 3rd period - Shot Blocked by Sean Hill.
13:48 of 3rd period - Shot by Matt Cullen.
13:48 of 3rd period - Stopped by Manny Legace with a rebound.
13:50 of 3rd period - Shot by Maxime Talbot.
13:50 of 3rd period - Shot Blocked by Sean Hill.
14:09 of 3rd period - Off-side.
14:10 of 3rd period - Alexei Kovalev wins face-off versus Rod Brind'Amour in neutral zone.
14:10 of 3rd period - Ryan Malone is hit by Mikael Samuelsson and loses puck.
14:24 of 3rd period - Shot by Mikael Samuelsson.
14:24 of 3rd period - Shot Misses the Net.
14:26 of 3rd period - Shot by Niclas Havelid.
14:26 of 3rd period - Stopped by Evgeni Nabokov without a rebound.
14:27 of 3rd period - Rod Brind'Amour wins face-off versus Radek Bonk in Canucks zone.
14:30 of 3rd period - Shot by Mikael Samuelsson.
14:30 of 3rd period - Shot Misses the Net.
14:32 of 3rd period - Shot by Kim Johnsson.
14:32 of 3rd period - Shot Blocked by Andrei Markov.
14:36 of 3rd period - Shot by Rod Brind'Amour.
14:36 of 3rd period - Stopped by Evgeni Nabokov without a rebound.
14:37 of 3rd period - Joe Sakic wins face-off versus Robert Lang in Canucks zone.
15:25 of 3rd period - Off-side.
15:26 of 3rd period - Rod Brind'Amour wins face-off versus Maxim Lapierre in neutral zone.
15:35 of 3rd period - Anders Eriksson is hit by Rod Brind'Amour and loses puck.
15:42 of 3rd period - Shot by Matt Cullen.
15:42 of 3rd period - Shot Misses the Net.
15:56 of 3rd period - Shot by Chris Higgins.
15:56 of 3rd period - Deflect By Rod Brind'Amour.
15:56 of 3rd period - Stopped by Evgeni Nabokov without a rebound.
15:57 of 3rd period - Radek Bonk wins face-off versus Olli Jokinen in Canucks zone.
16:09 of 3rd period - Marian Gaborik is hit by Radek Bonk and loses puck.
16:12 of 3rd period - Shot by Michal Rozsival.
16:12 of 3rd period - Shot Blocked by Lukas Krajicek.
16:58 of 3rd period - Shot by Steven Reinprecht.
16:58 of 3rd period - Shot Misses the Net.
17:18 of 3rd period - Shot by Radim Vrbata.
17:18 of 3rd period - Shot Blocked by Kim Johnsson.
17:24 of 3rd period - Shot by Joe Sakic.
17:24 of 3rd period - Stopped by Evgeni Nabokov without a rebound.
17:25 of 3rd period - Rod Brind'Amour wins face-off versus Matt Cullen in Canucks zone.
18:06 of 3rd period - Icing by Olli Jokinen.
18:07 of 3rd period - Olli Jokinen wins face-off versus Brad Richardson in Wild zone.
18:41 of 3rd period - Icing by Andrei Markov.
18:42 of 3rd period - Joe Sakic wins face-off versus Radek Bonk in Canucks zone.
19:05 of 3rd period - Shot by Brian Rolston.
19:05 of 3rd period - Shot Misses the Net.
19:09 of 3rd period - Shot by Mathieu Schneider.
19:09 of 3rd period - Deflect By Joe Sakic.
19:09 of 3rd period - Shot Misses the Net.


Output by the SimonT Hockey Simulator (STHS) for Stephane Roy -- Original Page W3C XHTML 1.0 Valid